Build Orders - Match 34303888 - cohdb - Company of Heroes 3 Replays
cohdb
Replays
Latest Replays
All Replays
Popular Replays
Top Player Replays
Match Explorer
How It Works
Community
CoH3 Stats
Reddit
Sign in to upload your games and track your stats! →
Sign in with Steam
Match 34303888
Unlisted
Match 34303888
Overview
Messages
Build Orders
End
Construct Barracks
Selects Airborne Battlegroup
Selects Heavy Machine Gun Paradrop
Heavy Machine Gun Paradrop
M1 Mortar Team
Riflemen Squad
Heavy Machine Gun Paradrop
Selects Paratrooper Squad Paradrop
Paratrooper Squad Paradrop
Infantry Support Center
Construct Medical Station
Paratrooper Squad Paradrop
Selects Anti-tank Gun Team Paradrop
Anti-tank Gun Team Paradrop
Selects Recon Loiter
Selects Smoke Bombing Run
Paratrooper Squad Paradrop
Selects Supply Drop
[EPIC]SAGEKING
DZloki
MDD-jiang
benci.emme
Overload
一半的橘子
janemba914
RandCivEnjoyer
0
0
Comments
sign in to comment!
No comments posted yet!